Map: Ultralove

Players

iPlayDefense - Winner!

  • Race: Terran Terran
  • League: Silver
  • Spawn Location: 7:00

AnarchistOwl

  • Race: Zerg Zerg
  • League: Silver
  • Spawn Location: 1:00

VOD

Have the link to the VOD?

Description

Time

  • Played on: April 13, 2025, 7:48 p.m.
  • Length: 9:53
Show
View Real Time Build Order
Export as new Build Order

iPlayDefense Terran - Winner!

Build Orders:  

Get SALT Encoding   

  12  0:00  SCV  
  13  0:15  Supply Depot  
  13  0:18  SCV  
  14  0:29  Refinery  
  14  0:30  SCV  
  15  0:43  Barracks  
  15  0:46  SCV  
  16  0:56  Supply Depot  
  16  1:04  SCV  
  17  1:30  Orbital Command  
  17  1:37  Barracks Reactor  
  17  1:55  Command Center  
  17  2:05  SCV  
  18  2:15  Marine x2  
  20  2:17  SCV  
  21  2:25  Factory  
  21  2:29  SCV  
  21  2:47  Barracks  
  21  2:50  Barracks  
  21  2:51  Marine  
  21  2:52  Marine  
  23  3:10  SCV  
  23  3:12  Factory Tech Lab  
  24  3:14  Marine x2  
  26  3:22  SCV  
  27  3:27  Refinery  
  27  3:31  Siege Tank  
  27  3:32  Marine  
  31  3:38  Supply Depot  
  31  3:45  Barracks Reactor x2  
  31  3:56  Bunker  
  31  4:00  SCV, Marine  
  32  4:25  Command Center  
  32  4:26  SCV  
  32  4:27  Marine  
  34  4:37  Supply Depot  
  34  4:38  SCV, Marine  
  36  4:50  SCV  
  37  5:08  Supply Depot  
  37  5:09  Marine x4  
  37  5:13  Siege Tank  
  44  5:38  Orbital Command  
  44  5:40  Starport  
  44  5:59  Barracks Tech Lab  
  44  6:05  Barracks Tech Lab  
  44  6:08  Orbital Command  
  44  6:09  Marine x2  
  46  6:11  Siege Tank  
  49  6:20  Combat Shield  
  49  6:27  Marine x2  
  51  6:33  Stimpack  
  51  6:39  Engineering Bay  
  51  6:40  Supply Depot  
  51  6:43  Siege Tank  
  51  6:45  SCV  
  51  6:46  Marine x2  
  51  6:47  Marine x2  
  59  6:57  SCV  
  60  7:02  Medivac  
  60  7:05  Marauder x2  
  66  7:09  SCV  
  66  7:11  Terran Infantry Weapons Level 1  
  70  7:15  Siege Tank  
  70  7:23  SCV  
  70  7:24  Marine x2  
  70  7:26  Marine x2  
  75  7:35  SCV  
  76  7:37  Supply Depot  
  76  7:44  Marauder  
  78  7:58  SCV  
  78  7:59  Marauder  
  81  8:15  SCV  
  81  8:17  Marine x3  
  81  8:19  Marine  
  85  8:25  Supply Depot  
  86  8:47  SCV, Marauder x2, Siege Tank  
  94  9:22  Refinery  
  94  9:24  Refinery  
  94  9:25  Supply Depot  
  94  9:28  Supply Depot  
  94  9:29  SCV, Marine x2  
  94  9:30  Marine  
  94  9:31  Marine  
Show
View Real Time Build Order
Export as new Build Order

AnarchistOwl Zerg 

Build Orders: Pool First 

Get SALT Encoding   

  12  0:25  Spawning Pool  
  12  0:26  Drone x2  
  13  0:40  Extractor  
  12  0:48  Overlord  
  12  0:51  Overlord  
  12  1:24  Zergling x6  
  15  1:36  Extractor  
  15  1:37  Drone  
  15  1:52  Drone  
  16  2:04  Hatchery  
  16  2:08  Zergling x2  
  16  2:38  Drone x3  
  19  3:03  Drone x2  
  21  3:08  Metabolic Boost  
  21  3:25  Extractor  
  20  3:28  Extractor  
  20  3:33  Hatchery  
  18  3:37  Hatchery  
  17  3:42  Drone  
  18  3:52  Zergling x2  
  18  3:53  Zergling x2  
  16  4:33  Drone x5  
  16  4:34  Drone  
  22  4:49  Drone x2  
  22  4:50  Drone  
  25  5:00  Drone x2  
  27  5:33  Drone x5  
  27  5:34  Drone x5  
  37  5:40  Drone  
  37  5:41  Drone  
  39  6:05  Drone x2  
  39  6:06  Drone x6  
  47  6:32  Hatchery  
  46  6:36  Hatchery  
  45  6:40  Extractor  
  44  6:48  Extractor  
  43  6:54  Zergling x4  
  43  6:55  Zergling x6  
  43  6:57  Overlord x2  
  43  6:58  Overlord x2  
  43  7:01  Overlord  
  48  7:10  Overlord x2  
  48  7:13  Overlord  
  48  7:16  Overlord  
  48  7:25  Lair  
  48  7:50  Evolution Chamber  
  47  7:52  Evolution Chamber x2  
  45  8:01  Lair  
  45  8:11  Drone x2  
  45  8:12  Drone x6  
  53  8:13  Drone x6  
  53  8:14  Drone x4  
  63  8:41  Hatchery  
  62  8:43  Zergling x8  
  62  8:44  Zergling x2  
  62  8:45  Zergling x2  
  53  9:03  Zergling x6  
  53  9:04  Zergling x12  
  53  9:05  Zergling x12  
  55  9:13  Extractor  
Tags
 
Matchup
TvZ
Opening
Pool First
Replay Pack
DaveSC2
Spawn Locations
Cross Positions
Add a new tag
Caveats
  • Supply blocks, unpowered buildings, or Contaminate may cause inaccurate times.
  • Supply counts are checked every 10 seconds.